 Dungeon Crawl Stone Soup version 0.15-a0-1403-g2cecdf4 (webtiles) character file.

1393 YourComputer the Cutter (level 8, -1/44 HPs)
             Began as a Vine Stalker Berserker on June 11, 2014.
             Was an Elder of Trog.
             Slain by a wight
             ... wielding a +1,+3 great sword
              (7 damage)
             ... on Level 6 of the Dungeon.
             The game lasted 01:15:38 (5328 turns).

YourComputer the Cutter (Vine Stalker Berserker)    Turns: 5328, Time: 01:15:38

HP  -1/44        AC  6     Str 20      XL: 8   Next: 68%
MP   0/17        EV 10     Int 10      God: Trog [****..]
Gold 233         SH  0     Dex 16      Spells:  0 memorised,  7 levels left

rFire  . . .     SeeInvis .     J - +0 cutlass
rCold  . . .     Clarity  .     v - +1 ring mail
rNeg   . . .     rCorr    .     (no shield)
rPois  .         rRot     +     (no helmet)
rElec  .         Spirit   +     (no cloak)
SustAb .         Warding  .     (no gloves)
rMut   .         Stasis   .     (no boots)
Gourm  .                        (no amulet)
MR     +....                    M - +3 ring of intelligence
                                u - ring of invisibility

@: exhausted, slowed, heavily drained, very slow, somewhat resistant to hostile
enchantments, very unstealthy
A: fangs 3, regeneration 2, magic shield, antimagic bite, no device heal 3, rot
immunity
a: Burn Spellbooks, Berserk, Trog's Hand, Brothers in Arms, Renounce Religion,
Evoke Invisibility


You were on level 6 of the Dungeon.
You worshipped Trog.
Trog was greatly pleased with you.
You were near starving.

You visited 1 branch of the dungeon, and saw 6 of its levels.
You also visited: Sewer.

You collected 233 gold pieces.

Inventory:

Hand weapons
 a - a +0,+0 short sword
 j - a +0,+0 dagger
 o - a -3,+0 dagger
 s - a +2,+2 falchion of freezing
 J - a +0,+0 cutlass (weapon)
Missiles
 e - 13 stones (quivered)
 h - 22 arrows
Armour
 b - a +0 animal skin
 d - a cursed +0 leather armour
 n - a +0 leather armour
 r - a +0 leather armour
 v - a +1 ring mail (worn)
 Q - the +4 scale mail of Resourcefulness {Dex-2 Acc-2 SInv}
   (You found it in a sewer)

   It affects your dexterity (-2).
   It affects your accuracy with ranged weapons and melee attacks (-2).
   It enhances your eyesight.
Magical devices
 I - a wand of slowing (11)
 K - a wand of cold (3)
Comestibles
 l - 2 bread rations
 E - 2 meat rations
Scrolls
 f - 2 scrolls of enchant weapon I
 i - a scroll of enchant weapon II {unknown}
 m - a scroll of teleportation
 t - a scroll of blinking {unknown}
 y - a scroll of recharging {unknown}
 B - 2 scrolls of remove curse
 C - a scroll of enchant armour {unknown}
 F - 2 scrolls of random uselessness {unknown}
 H - a scroll of fog {unknown}
Jewellery
 q - an uncursed amulet of stasis
 u - a ring of invisibility (left hand)
 A - an uncursed amulet of warding {unknown}
 M - a +3 ring of intelligence (right hand)
Potions
 c - 2 potions of brilliance {unknown}
 g - 9 potions of curing {unknown}
 k - 3 potions of mutation {unknown}
 p - 2 potions of magic {unknown}
 x - a potion of confusion {unknown}
 z - a potion of might {unknown}
 D - a potion of heal wounds {unknown}
 G - a potion of invisibility {unknown}
 L - a potion of degeneration {unknown}
 N - a potion of resistance {unknown}
 P - 3 potions of flight {unknown}


   Skills:
 + Level 5.7(4.4) Fighting
 * Level 7.2(5.8) Short Blades
 - Level 1.5(0.4) Armour
 - Level 1.8(0.6) Dodging
 + Level 4.5(3.2) Evocations


You had 7 spell levels left.
You didn't know any spells.

Dungeon Overview and Level Annotations

Branches:
Dungeon (6/15)             Temple (0/1) D:5

Altars:

Shops:
D:5 *


Innate Abilities, Weirdness & Mutations

You have razor-sharp teeth.
You heal very quickly.
When hurt, damage is shared between your health and your magic reserves.
Your bite disrupts and absorbs the magic of your enemies.
Potions and wands cannot restore your health.
You are immune to rotting.


Message History

The jackal closely misses you. The wight barely misses you.
The wight hits you from afar with a trident!
* * * LOW HITPOINT WARNING * * *
You feel drained.
You hit the jackal.
You kill the jackal!
Trog accepts your kill.
The wight hits you with a glowing great sword!
* * * LOW HITPOINT WARNING * * *
The wight closely misses you. The wight hits you with a trident.
* * * LOW HITPOINT WARNING * * *
There is an open door, spattered with blood here.
You see here a quokka corpse.
You feel a strong urge to attack something.
You are no longer berserk.
You are exhausted.
You feel yourself slow down.
You are near starving!
The wight hits you with a glowing great sword!
You die...

,,,,,,,,,,***,,,+,,,,* #..
*******,**** *****<,,,* ###
***, *,,,,* **,,,* ***+**
*,,*** *,,* *,,** *,**
**#'#####* #####+###
*,.....>.*#####.......# ##
*,......z*#.@.'.......# ***#.
*.......z##z###.......#**....
*.......z%z.##........'.,,***
*........#####'###....#**** *
.......* #≈≈.≈≈#....#
**###'###* #≈.♣(≈#,...# #,,,*
#.♣8♣.#+###*
*##+####≈.♣.≈#,,,*
#......#≈≈.≈≈#**,*


You could see 2 wights.

Vanquished Creatures
  Eustachio (D:5)
  An orc warrior (D:6)
  A necrophage (D:6)
  A phantom (D:6)
  Purgy (Sewer)
  An ice beast (D:6)
  A giant frog (D:6)
  A gnoll shaman (D:5)
  5 hounds
  5 orc priests (D:6)
  A quasit (D:6)
  2 orc wizards
  An iguana (D:4)
  A mummy (D:4)
  4 gnolls
  7 adders
  A scorpion zombie (D:5)
  A giant mite (D:6)
  A green rat (D:6)
  2 worms (D:3)
  An adder skeleton (D:5)
  An orc zombie (D:6)
  5 giant geckos
  12 orcs
  A ball python (D:6)
  9 bats
  8 hobgoblins
  12 jackals
  2 quokkas (D:6)
  6 giant cockroaches
  6 giant newts
  8 goblins
  A hobgoblin skeleton (D:5)
  21 kobolds
  An orc skeleton (D:4)
  12 rats
  A rat skeleton (D:5)
  A rat zombie (D:6)
  A fungus (D:1)
148 creatures vanquished.

Notes
Turn   | Place    | Note
--------------------------------------------------------------
     0 | D:1      | YourComputer, the Vine Stalker Berserker, began the quest for the Orb.
     0 | D:1      | Reached XP level 1. HP: 11/11 MP: 1/1
   172 | D:1      | Reached XP level 2. HP: 16/16 MP: 3/3
   277 | D:1      | Reached skill level 3 in Fighting
   286 | D:1      | Acquired Trog's second power
   607 | D:1      | Reached XP level 3. HP: 20/20 MP: 4/4
  1818 | D:2      | Reached XP level 4. HP: 24/24 MP: 5/5
  1820 | D:2      | Reached skill level 4 in Short Blades
  1820 | D:2      | Reached skill level 1 in Evocations
  1822 | D:2      | Reached XP level 5. HP: 28/28 MP: 7/7
  3348 | D:4      | Gained mutation: You heal very quickly. [vine stalker growth]
  3348 | D:4      | Reached XP level 6. HP: 27/33 MP: 7/9
  3556 | D:5      | Entered Level 5 of the Dungeon
  3561 | D:5      | Found Urakoumm's Assorted Antiques.
  3690 | D:5      | Found a staircase to the Ecumenical Temple.
  3803 | D:5      | Reached skill level 5 in Short Blades
  4188 | D:5      | Noticed Eustachio
  4205 | D:5      | Killed Eustachio
  4205 | D:5      | Reached XP level 7. HP: 38/38 MP: 12/12
  4515 | D:6      | Found a glowing drain.
  4516 | D:6      | Acquired Trog's third power
  4548 | Sewer    | Entered a sewer
  4622 | Sewer    | Noticed Purgy
  4632 | Sewer    | Killed Purgy
  4632 | Sewer    | Reached skill level 5 in Fighting
  4681 | Sewer    | Got a steaming scale mail
  4694 | Sewer    | Identified the +4 scale mail of Resourcefulness {Dex-2 Acc-2 SInv} (You found it in a sewer)
  4796 | D:6      | Reached skill level 6 in Short Blades
  4945 | D:6      | Gained mutation: You have razor-sharp teeth. [vine stalker growth]
  4945 | D:6      | Reached XP level 8. HP: 29/43 MP: 12/16
  5215 | D:6      | Reached skill level 7 in Short Blades
  5328 | D:6      | Slain by a wight

Action                   |  1- 3 |  4- 6 |  7- 9 || total
-------------------------+-------+-------+-------++-------
Melee: Short sword       |    91 |   210 |       ||   301
       Dagger            |    32 |       |       ||    32
       Cutlass           |       |       |   138 ||   138
Throw: Stone             |    18 |       |       ||    18
Invok: Berserk           |     3 |     3 |     6 ||    12
       Trog's Hand       |       |     1 |     1 ||     2
Evoke: Wand              |       |       |     3 ||     3
  Use: Scroll            |     1 |     1 |     6 ||     8
